 Dungeon Crawl Stone Soup version 0.29.1-2-gbd0b4ee654 (webtiles) character file.

Game seed: 1800462584096480408

371 kyanize the Cudgeller (level 6, -7/55 HPs)
             Began as a Minotaur Berserker on Nov 13, 2022.
             Was a Believer of Trog.
             Mangled by an ogre
             ... wielding a +0 giant club
              (23 damage)
             ... on level 4 of the Dungeon.
             The game lasted 00:11:21 (3885 turns).

kyanize the Cudgeller (Minotaur Berserker)          Turns: 3885, Time: 00:11:22

Health: -7/55      AC: 11    Str: 23    XL:     6   Next: 42%
Magic:  5/5        EV:  4    Int:  4    God:    Trog [**....]
Gold:   190        SH: 10    Dex: 10    Spells: 5/5 levels left

rFire   . . .      SeeInvis .   a - +1 mace
rCold   . . .      Faith    .   o - +0 tower shield
rNeg    . . .      Spirit   .   p - +0 chain mail
rPois   .          Reflect  .   (helmet restricted)
rElec   .          Harm     .   (no cloak)
rCorr   .          Rampage  .   (no gloves)
Will    .....                   d - +0 pair of boots
Stlth   ..........              (no amulet)
HPRegen 0.18/turn               h - ring of flight
MPRegen 0.09/turn               (no ring)

@: flying
A: horns 2, retaliatory headbutt
a: Renounce Religion, Berserk, Trog's Hand


You were on level 4 of the Dungeon.
You worshipped Trog.
Trog was pleased with you.
You visited 1 branch of the dungeon, and saw 4 of its levels.

You collected 190 gold pieces.

Inventory:

Hand Weapons
 a - a +1 mace (weapon)
 k - a +1 falchion of electrocution
 r - a +3 dagger
Missiles
 c - 39 stones (quivered)
 n - 8 poisoned darts
Armour
 d - a +0 pair of boots (worn)
 f - a +0 ring mail
 o - a +0 tower shield (worn)
 p - a +0 chain mail (worn)
Jewellery
 h - a ring of flight (left hand)
Wands
 l - a wand of iceblast (6)
Scrolls
 e - a scroll of teleportation
 s - a scroll of torment
Potions
 b - 2 potions of degeneration
 g - a potion of might
 i - a potion of lignification
 q - a potion of curing


   Skills:
 + Level 4.9 Fighting
 + Level 5.9 Maces & Flails
 + Level 4.9 Armour
 + Level 3.3 Dodging
 + Level 0.1 Stealth
 + Level 1.5 Shields


You had 5 spell levels left.
You didn't know any spells.
Your spell library contained the following spells:

 Spells                   Type           Power      Damage    Failure   Level
 Freeze                   Ice            0%         1d3       100%        1
 Frozen Ramparts          Ice            0%         1d1       100%        3
 Hailstorm                Conj/Ice       0%         3d3       100%        4


Dungeon Overview and Level Annotations

Branches:
Dungeon (4/15)
 Temple: D:4-7

Altars:
Kikubaaqudgha
Nemelex Xobeh
Sif Muna
Uskayaw
Vehumet
The Shining One


Innate Abilities, Weirdness & Mutations

You have a pair of horns on your head.
You reflexively headbutt those who attack you in melee.


Message History

c - 32 stones (gained 6) It was a potion of heal wounds.
You feel much better.
It was a potion of magic.
Magic courses through your body.
n - 8 poisoned darts (gained 4)
You see here a +0 dagger.
j - a +0 dagger You drop a +0 dagger.
You see here a +0 dagger.
You now have 190 gold pieces (gained 9).
An ogre comes into view. It is wielding a +0 giant club.
You see here 7 stones.
c - 39 stones (gained 7)
A quokka comes into view.
Found a scroll labelled DIDUROTHOTA.
The quokka moves out of view.
You barely miss the ogre. The ogre barely misses you.
You barely miss the ogre. You block the ogre's attack.
The quokka bites you but does no damage.
You barely miss the ogre. The ogre hits you with a +0 giant club!
The quokka bites you but does no damage.
You sock the ogre! Your headbutt misses the ogre.
The ogre is moderately wounded.
The quokka bites you but does no damage.
The ogre hits you with a +0 giant club! The quokka barely misses you.
You furiously retaliate!
You headbutt the quokka!
You kill the quokka!
Trog accepts your kill.
You barely miss the ogre.
The ogre is moderately wounded.
The ogre hits you with a +0 giant club!!
* * * LOW HITPOINT WARNING * * *
You closely miss the ogre.
The ogre is moderately wounded.
You block the ogre's attack.
You sock the ogre!
The ogre is severely wounded.
You block the ogre's attack.
You completely miss the ogre.
The ogre is severely wounded.
The ogre hits you with a +0 giant club!!
You die...

#....... #......
#....... #...?. #.......
#..... #....... ....
#....... ... #.......
#.# #)...... ...####†##
#.......
......!@.########.......
.......O...........#####
........................
...................#####
.........####+#........
.........# #.####...
.........# #.# ...#
.........# #.# ..#
....... #.# ..#


You could see an ogre.

Vanquished Creatures
  A kobold brigand (D:4)
  A scorpion (D:4)
  3 orc wizards (D:3)
  4 gnolls (D:3)
  7 adders
  2 dart slugs (D:1)
  13 ball pythons
  3 endoplasms
  2 giant cockroaches
  2 goblins
  2 hobgoblins
  8 jackals
  5 quokkas
  6 bats
  5 frilled lizards
  2 kobolds
  8 rats
74 creatures vanquished.

Notes
Turn   | Place    | Note
-------+----------+-------------------------------------------
     0 | D:1      | kyanize the Minotaur Berserker began the quest for the Orb.
     0 | D:1      | Reached XP level 1. HP: 19/19 MP: 0/0
   122 | D:1      | Reached skill level 4 in Maces & Flails
   122 | D:1      | Reached XP level 2. HP: 27/27 MP: 1/1
   612 | D:1      | Reached XP level 3. HP: 33/33 MP: 2/2
  1512 | D:2      | Found a glowing golden altar of the Shining One.
  1570 | D:2      | Reached XP level 4. HP: 38/41 MP: 3/3
  1570 | D:2      | Reached ** piety under Trog
  1943 | D:3      | Found a hide-covered altar of Uskayaw.
  2010 | D:3      | Reached skill level 5 in Maces & Flails
  2206 | D:3      | Found a faded altar of an unknown god.
  2369 | D:3      | Found a sparkling altar of Nemelex Xobeh.
  2590 | D:3      | Reached XP level 5. HP: 47/47 MP: 4/4
  2715 | D:3      | Found a radiant altar of Vehumet.
  2847 | D:3      | Found an ancient bone altar of Kikubaaqudgha.
  2910 | D:3      | Found a shimmering blue altar of Sif Muna.
  3529 | D:4      | Reached skill level 1 in Shields
  3529 | D:4      | Reached XP level 6. HP: 40/55 MP: 5/5
  3885 | D:4      | Mangled by an ogre

Illustrated notes

Levels and vault maps discovered:
D:1:      beargit_arrival_greenhouse, layout_loops_ring
D:2:      layout_loops_ring, basic_altar, corexii_item_surrounded_by_moat
D:3:      minmay_wonky_spiral, layout_loops_ring, palyth_temple_overflow_mages,
          nicolae_overflow_crystal_walls, lemuel_tele_altar,
          hellmonk_ecumenical_altar_lost_god, minivault_26
D:4:      layout_basic, slow_altar_1, kennysheep_generic_room_11

Skill      XL: |  1  2  3  4  5 |
---------------+----------------+-----
Maces & Flails | 4 5 |  5.9
Fighting       | 4 |  4.9
Dodging        | 3 |  3.3
Armour         | 3 4 |  4.9
Shields        | 1 |  1.5
Stealth        | |  0.1

Action                   |  1- 3 |  4- 6 || total
-------------------------+-------+-------++-------
Melee: Mace              |    69 |   139 ||   208
       Headbutt          |     3 |    15 ||    18
Invok: Berserk           |     1 |       ||     1
       Trog's Hand       |       |     3 ||     3
  Use: Scroll            |     3 |     4 ||     7
       Potion            |     5 |     3 ||     8
 Stab: Sleeping          |     1 |       ||     1
Armor: Animal skin       |     8 |       ||     8
       Ring mail         |    10 |    11 ||    21
       Chain mail        |       |    55 ||    55
Dodge: Dodged            |    48 |    52 ||   100
Block: Tower shield      |       |    53 ||    53
